 Dungeon Crawl Stone Soup version 0.31-a0-188-g5e087ee2ca (webtiles) character file.

Game seed: 1054306091888039234

45 qw the Shooter (level 3, 0/20 HPs)
             Began as a Deep Elf Hunter on June 23, 2023.
             Slain by Terence
             ... wielding a +0 flail
              (7 damage)
             ... on level 2 of the Dungeon.
             The game lasted 00:00:22 (1239 turns).

qw the Shooter (Deep Elf Hunter)                    Turns: 1239, Time: 00:00:23

Health: 0/20       AC:  3    Str: 10    XL:     3   Next: 42%
Magic:  5/5        EV: 12    Int: 13    God:
Gold:   88         SH:  0    Dex: 18    Spells: 2/2 levels left

rFire   . . .        Y - +0 shortbow
rCold   . . .        (shield currently unavailable)
rNeg    . . .        c - +0 leather armour
rPois   .            (no helmet)
rElec   .            (no cloak)
rCorr   .            (no gloves)
SInv    .            (no boots)
Will    .....        (no amulet)
Stlth   ++           (no ring)
HPRegen 0.23/turn    (no ring)
MPRegen 0.09/turn

%: no passive effects
@: no status effects
A: no striking features
a: no special abilities


You were on level 2 of the Dungeon.
You visited 1 branch of the dungeon, and saw 2 of its levels.

You collected 88 gold pieces.


   Skills:
 - Level 1.5 Fighting
 + Level 7.0 Ranged Weapons
 - Level 2.4 Dodging
 - Level 1.2 Stealth


You had 2 spell levels left.
You didn't know any spells.
Your spell library was empty.

Inventory:

Hand Weapons
 Y - a +0 shortbow (weapon)
Armour
 b - a +0 cloak
 c - a +0 leather armour (worn)
Jewellery
 f - a ring of fire
Scrolls
 a - 2 scrolls of identify
Potions
 d - a potion of invisibility {unknown}

Dungeon Overview and Level Annotations

Branches:
Dungeon (2/15)

Altars:

Annotations:
D:2 Terence


Message History

The endoplasm quivers.
The arrow hits the goblin.
You kill the goblin!
Your Ranged Weapons skill increases to level 7!
You shoot an arrow. The arrow hits the endoplasm.
The endoplasm is severely wounded.
You shoot an arrow. The arrow hits the endoplasm.
You kill the endoplasm!
You now have 78 gold pieces (gained 11).
You now have 88 gold pieces (gained 10).
A hobgoblin comes into view.
The hobgoblin shouts!
Terence the Incautious comes into view.
He is wielding a +0 flail and wearing a +4 chain mail of cold resistance.
Enter note:
Enter note: You shoot an arrow.
Terence shouts!
The arrow hits Terence but does no damage.
Terence shouts, "Now you die!"
You shoot an arrow.
The arrow hits Terence but does no damage.
You shoot an arrow.
The arrow hits Terence but does no damage.
You shoot an arrow.
The arrow hits Terence but does no damage.
Terence hits you with a +0 flail!
Ouch! That really hurt!
You shoot an arrow.
The arrow hits Terence but does no damage.
Terence barely misses you.
You shoot an arrow.
The arrow hits Terence but does no damage.
Terence closely misses you.
You shoot an arrow.
The arrow hits Terence but does no damage.
Terence hits you with a +0 flail.
You shoot an arrow.
The arrow hits Terence but does no damage.
Terence hits you with a +0 flail!
You die...

#.#######.#
#.##.. #.#
#.# #.##..
#.#
#.###..#..
#.#
#....#....
#.#
#....##...
#.#
##.......#.
#.#
#....##.###
#.#
#...<>##..##
#@#
...#.........
#@#
.###...###.##
#g# #... #..#
#.# ##.# ##.#
#.. #. #..
... ###. ...
##... ....
#.... #.....


You could see Terence and a hobgoblin.

Vanquished Creatures
  An adder (D:1)
  A dart slug (D:1)
  A bat (D:1)
  4 endoplasms
  A giant cockroach (D:1)
  5 goblins
  6 hobgoblins (D:1)
  6 jackals (D:1)
  A quokka (D:2)
  A ball python (D:1)
27 creatures vanquished.

Notes
Turn   | Place    | Note
-------+----------+-------------------------------------------
     0 | D:1      | qw the Deep Elf Hunter began the quest for the Orb.
     0 | D:1      | Reached XP level 1. HP: 12/12 MP: 3/3
     0 | D:1      | 0 ||| qw: Version: 0.3-a-9-g12657ce
     0 | D:1      | 0 ||| qw: Game counter: 3938
     0 | D:1      | 0 ||| qw: Always use a shield: true
     0 | D:1      | 0 ||| qw: God list: Okawaru
     0 | D:1      | 0 ||| qw: Allow faded altars: false
     0 | D:1      | 0 ||| qw: Do Orc after D:15 true
     0 | D:1      | 0 ||| qw: Do second Lair branch before Depths: true
     0 | D:1      | 0 ||| qw: Lair rune preference: random
     0 | D:1      | 0 ||| qw: Plans: Normal
     0 | D:1      | 0 ||| PLANNING D:1-11
   129 | D:1      | 129 ||| FLEEEEING.
   130 | D:1      | 130 ||| FLEEEEING.
   146 | D:1      | Reached XP level 2. HP: 16/16 MP: 4/4
   203 | D:1      | Reached skill level 6 in Ranged Weapons
   692 | D:1      | Reached XP level 3. HP: 20/20 MP: 5/5
   902 | D:1      | 902 ||| READING 2 scrolls labelled KEYHIQ HAANU.
   903 | D:1      | 903 ||| READING scroll labelled HUM TUN MIERR.
  1004 | D:1      | 1004 ||| READING scroll labelled BIASIK XUCW.
  1005 | D:1      | 1005 ||| DROPPING scroll of butterflies.
  1081 | D:2      | 1081 ||| STAIRDANCE
  1196 | D:2      | Reached skill level 7 in Ranged Weapons
  1231 | D:2      | Noticed Terence
  1239 | D:2      | Slain by Terence

Levels and vault maps discovered:
D:1:      wheals_arrival_linesprint, layout_basic, chequers_serial_rivers_room_b
D:2:      layout_rooms, uniq_terence

Skill      XL: |  1  2  3 |
---------------+----------+-----
Ranged Weapons | 6 7 |  7.0
Fighting       | |  1.5
Dodging        | |  2.4
Stealth        | |  1.2

Action                     || total
---------------------------++-------
   Fire: Shortbow          ||    86
    Use: Scroll            ||     3
 Armour: Leather armour    ||     6
  Dodge: Dodged            ||    28

Table legend:
 A = Non-vault XP
 B = Vault XP
 C = Vault XP percentage of total XP
 D = Non-vault monster count
 E = Vault monster count
 F = Vault count percentage of total count
                 A         B        C        D         E       F
            +---------+---------+-------+---------+---------+-------
      Total |      65 |       0 |   0.0 |      27 |       0 |   0.0
            +---------+---------+-------+---------+---------+-------
        D:1 |      57 |       0 |   0.0 |      23 |       0 |   0.0
        D:2 |       8 |       0 |   0.0 |       4 |       0 |   0.0
            +---------+---------+-------+---------+---------+-------
